 Dungeon Crawl Stone Soup version 0.29.1-14-g9c671dbff4 (webtiles) character file.

Game seed: 7335524068070134454

33 wolfrpgdude the Covered (level 3, -1/31 (33) HPs)
             Began as a Minotaur Fighter on Feb 12, 2023.
             Slain by a goblin
             ... wielding a +0 dagger
             ... led by Robin
              (2 damage)
             ... on level 2 of the Dungeon.
             The game lasted 00:01:58 (708 turns).

wolfrpgdude the Covered (Minotaur Fighter)           Turns: 708, Time: 00:01:59

HP:   -1/31 (33)    AC:  7    Str: 22    XL:     3   Next: 12%
MP:   2/2           EV:  9    Int:  5    God:
Gold: 54            SH:  4    Dex:  9    Spells: 2/2 levels left

rFire   . . .      SeeInvis .   g - +2 long sword (distort)
rCold   . . .      Faith    .   c - +0 buckler
rNeg    . . .      Spirit   .   b - +0 scale mail
rPois   .          Reflect  .   (helmet restricted)
rElec   .          Harm     .   (no cloak)
rCorr   .          Rampage  .   (no gloves)
Will    .....                   (no boots)
Stlth   ..........              (no amulet)
HPRegen 0.10/turn               (no ring)
MPRegen 0.08/turn               (no ring)

@: drained
A: horns 2, retaliatory headbutt
a: no special abilities


You were on level 2 of the Dungeon.
You visited 1 branch of the dungeon, and saw 2 of its levels.

You collected 54 gold pieces.

Inventory:

Hand Weapons
 g - a +2 long sword of distortion (weapon)
Armour
 b - a +0 scale mail (worn)
 c - a +0 buckler (worn)
Potions
 a - a potion of invisibility {unknown}
 d - a potion of might
 e - a potion of resistance {unknown}
 f - a potion of curing {unknown}


   Skills:
 + Level 4.1 Fighting
 + Level 2.9 Long Blades
 + Level 4.2 Armour
 + Level 4.0 Shields


You had 2 spell levels left.
You didn't know any spells.
Your spell library contained the following spells:

 Spells                   Type           Power      Damage    Failure   Level
 Sting                    Tmut/Pois      0%         1d3       87%         1
 Poisonous Vapours        Pois/Air       0%         N/A       95%         2
 Olgreb's Toxic Radiance  Pois           0%         N/A       100%        4


Dungeon Overview and Level Annotations

Branches:
Dungeon (2/15)

Altars:

Shops:
D:2 [

Annotations:
D:2 Robin


Innate Abilities, Weirdness & Mutations

You have a pair of horns on your head.
You reflexively headbutt those who attack you in melee.


Message History

The goblin closely misses you. You furiously retaliate!
You headbutt the goblin.
Robin says, "Duck!"
The goblin closely misses you. The goblin completely misses you.
The goblin closely misses you.
You hit the goblin.
Space warps around the goblin.
The goblin is severely wounded.
The goblin closely misses you. You furiously retaliate!
You headbutt the goblin.
You kill the goblin!
The kobold hits you with a +0 club.
* * * LOW HITPOINT WARNING * * *
The goblin hits you but does no damage. x3
The goblin hits you with a +0 dagger.
* * * LOW HITPOINT WARNING * * *
Robin throws the goblin at you!
You hit the goblin.
You kill the goblin!
The goblin hits you but does no damage.
You feel drained. The kobold hits you but does no damage.
The goblin hits you but does no damage. The goblin closely misses you.
You barely miss the goblin.
The goblin is moderately wounded.
The goblin no longer looks unusually strong.
You block the goblin's attack. The goblin hits you but does no damage.
You block the goblin's attack. Robin hits you but does no damage.
The goblin hits you with a +0 dagger of draining.
* * * LOW HITPOINT WARNING * * *
You feel drained. The kobold closely misses you. You furiously retaliate!
You headbutt the kobold.
You kill the kobold!
You hit the goblin.
You kill the goblin!
The goblin no longer looks unusually strong. x2
The goblin barely misses you.
Robin roars a battlecry!
The goblins go into a battle-frenzy!
You block the goblin's attack. The goblin barely misses you. x3
The goblin hits you with a +0 dagger.
You die...

..## ..# ...#######
.. .8.∩.<.8.###.## ⌠
##†......((...# ##8.
..............# ...
..†..........<####.#
###...##.###.......#
###..........gg###
##...##....#g@)#
####..####.#####gg#
#...)......# #l...
#.########## #...#..
..####### #.#.. ..#
......... ...... ..
...###### #####.. .
.### ... .#


You could see Robin, 4 goblins and a frilled lizard.

Vanquished Creatures
  A worm (D:2)
  A dart slug (D:1)
  3 endoplasms
  13 goblins
  3 kobolds
  3 ball pythons
  2 frilled lizards
  2 rats (D:1)
28 creatures vanquished.

Notes
Turn   | Place    | Note
-------+----------+-------------------------------------------
     0 | D:1      | wolfrpgdude the Minotaur Fighter began the quest for the
                  | Orb.
     0 | D:1      | Reached XP level 1. HP: 19/19 MP: 0/0
    59 | D:1      | Found a faded altar of an unknown god.
   168 | D:1      | Reached XP level 2. HP: 24/27 MP: 1/1
   292 | D:1      | You fall into a shaft and drop 1 floor!
   346 | D:2      | Found Roosies's Antique Armour Boutique.
   695 | D:2      | Noticed Robin
   703 | D:2      | Reached XP level 3. HP: 13/33 MP: 2/2
   707 | D:2      | HP: 1/32 [goblin/+0 dagger of draining[Robin] (1)]
   708 | D:2      | Slain by a goblin

Illustrated notes

Levels and vault maps discovered:
D:1:      amcnicky_arrival_single_pillar, layout_rooms, basic_ecumenical_altar
D:2:      layout_rooms, serial_shops, shop, shop_statue,
          nicolae_shop_temple_entry_statues_fountains, minmay_between,
          uniq_robin

Skill      XL: |  1  2 |
---------------+-------+-----
Armour         | 4 |  4.2
Shields        | 4 |  4.0
Fighting       | 4 |  4.1
Long Blades    | |  2.9

Action                   || total
-------------------------++-------
Melee: Long sword        ||    51
       Headbutt          ||     5
  Use: Scroll            ||     2
Armor: Scale mail        ||    35
Dodge: Dodged            ||    39
Block: Buckler           ||    17
